 Dungeon Crawl Stone Soup version 0.29-a0-284-gf9362112df (webtiles) character file.

Game seed: 6870261956807418488

32 sokol815 the Chopper (level 3, -1/29 HPs)
             Began as a Demonspawn Monk on Mar 23, 2022.
             Was the Champion of Ignis.
             Slain by Terence
             ... wielding a +0 falchion
              (4 damage)
             ... on level 2 of the Dungeon.
             The game lasted 00:02:28 (1565 turns).

sokol815 the Chopper (Demonspawn Monk)              Turns: 1565, Time: 00:02:28

Health: -1/29      AC:  8    Str: 13    XL:     3   Next: 8%
Magic:  3/3        EV: 12    Int: 11    God:    Ignis [******]
Gold:   66         SH:  0    Dex: 15    Spells: 2/2 levels left

rFire   + . .      SeeInvis .   b - +2 dagger (vamp)
rCold   . . .      Faith    .   (no shield)
rNeg    . . .      Spirit   .   j - +0 leather armour
rPois   .          Reflect  .   (helmet restricted)
rElec   .          Harm     .   (no cloak)
rCorr   .          Rampage  .   c - +1 pair of gloves
Will    .....                   h - +0 pair of boots
Stlth   ++........              i - amulet of the acrobat
HPRegen 0.09/turn               (no ring)
MPRegen 0.08/turn               (no ring)

@: no status effects
A: antennae 1, yellow scales 1
a: Renounce Religion, Fiery Armour, Foxfire Swarm, Rising Flame


You were on level 2 of the Dungeon.
You worshipped Ignis.
Ignis was exalted by your worship.
You visited 1 branch of the dungeon, and saw 2 of its levels.

You collected 66 gold pieces.

Inventory:

Hand Weapons
 a - a +0 hand axe
 b - a +2 vampiric dagger (weapon)
   (You took it off a kobold on level 1 of the Dungeon)
 d - a +0 dagger of flaming
   (You found it on level 1 of the Dungeon)
Missiles
 s - 27 stones (quivered)
Armour
 c - a +1 pair of gloves (worn)
   (You found it on level 1 of the Dungeon)
 h - a +0 pair of boots (worn)
   (You found it on level 1 of the Dungeon)
 j - a +0 leather armour (worn)
   (You found it on level 1 of the Dungeon)
 k - a +0 robe
Jewellery
 i - an amulet of the acrobat (around neck)
   (You took it off a hobgoblin on level 1 of the Dungeon)
Potions
 e - a potion of mutation {unknown}
 f - a potion of resistance {unknown}
 g - a potion of curing {unknown}
 G - 2 potions of ambrosia {!q}


   Skills:
 - Level 3.0 Fighting
 + Level 3.9 Axes
 - Level 2.6 Dodging
 - Level 1.7 Stealth


You had 2 spell levels left.
You didn't know any spells.
Your spell library was empty.

Dungeon Overview and Level Annotations

Branches:
Dungeon (2/15)

Altars:
Ignis

Annotations:
D:2 Terence


Innate Abilities, Weirdness & Mutations

You have a pair of small antennae on your head.
You are partially covered in yellow scales. (AC +2)


Message History

You hit the adder but do no damage.
You feel sick. The adder barely misses you.
You barely miss the adder.
You feel sick. The adder closely misses you.
The adder bites you but does no damage.
You take 1 damage, and have 14/24 hp.
You are too injured to fight recklessly!
You closely miss the adder.
You feel sick.
You are no longer poisoned.
The adder bites you.
You take 2 damage, and have 12/24 hp.
You hit the adder. The adder bites you.
You are poisoned.
The adder poisons you!
You take 3 damage, and have 9/24 hp.
You feel a sense of dread.
k - a +2 vampiric dagger (weapon)
You feel sick. The adder barely misses you.
You take 1 damage, and have 8/24 hp.
You closely miss the adder.
You feel sick. The adder bites you but does no damage.
You take 1 damage, and have 7/24 hp.
You barely miss the adder.
You feel sick.
The adder bites you but does no damage. x2
You take 1 damage, and have 6/24 hp.
You barely miss the adder.
You feel sick.
You are no longer poisoned.
The adder bites you but does no damage.
You take 1 damage, and have 5/24 hp.
You miss the adder. The adder bites you.
* * * LOW HITPOINT WARNING * * *
You take 1 damage, and have 4/24 hp.
You completely miss the adder. The adder closely misses you.
The adder barely misses you.
You hit the adder but do no damage. The adder bites you but does no damage.
You hit the adder.
You feel better.
You kill the adder!
You have reached level 3!
Your experience leads to an increase in your attributes!
Increase (s)trength, (i)ntelligence, or (d)exterity?
You feel stronger. x2; Your demonic ancestry asserts itself...
Yellow scales grow over part of your body.
You regained 3 hp, and now have 7/29 hp.
MP restored: 3 You climb upwards.
There is a stone staircase leading down here.
You start resting.
Health restored: 29 You climb downwards.
There is a stone staircase leading up, spattered with blood here.
Adjust to which letter? (? for menu, Esc to quit)
b - a +2 vampiric dagger (weapon);
k - a +0 robe You feel the dreadful sensation subside.
a - a +0 hand axe (weapon)
Found an escape hatch in the ceiling.
Found a stone staircase leading up.
s - 23 stones (gained 1)
s - 24 stones (gained 1)
s - 26 stones (gained 2)
s - 27 stones (gained 1)
You open the door.
There is an open door here.
You open the door.
There is an open door here.
There is a fountain of clear blue water here.
As you open the door, it creaks loudly!
There is an open door here.
Terence the Incautious comes into view.
He is wielding a +0 falchion.
A goblin comes into view. It is wielding a +0 club.
You feel a sense of dread.
b - a +2 vampiric dagger (weapon)
Terence completely misses you.
You hit Terence but do no damage. Terence closely misses you.
You feel the dreadful sensation subside.
a - a +0 hand axe (weapon)
You hit Terence but do no damage. Terence hits you with a +0 falchion.
You take 2 damage, and have 27/29 hp.
You hit Terence but do no damage. Terence hits you with a +0 falchion.
You take 2 damage, and have 25/29 hp.
You hit Terence. Terence barely misses you. Terence completely misses you.
You hit Terence but do no damage. Terence hits you with a +0 falchion.
You take 2 damage, and have 23/29 hp.
You completely miss Terence. Terence hits you with a +0 falchion.
You take 3 damage, and have 20/29 hp.
You hit Terence but do no damage. Terence hits you with a +0 falchion!
You take 8 damage, and have 12/29 hp.
MASSIVE DAMAGE!!
You feel a sense of dread.
b - a +2 vampiric dagger (weapon)
You hit Terence but do no damage. Terence hits you but does no damage.
You hit Terence.
Terence shouts, "Get ready for death!"
Terence hits you with a +0 falchion.
You take 3 damage, and have 9/29 hp.
You hit Terence.
You feel better. Terence hits you with a +0 falchion!
* * * LOW HITPOINT WARNING * * *
You take 6 damage, and have 3/29 hp.
MASSIVE DAMAGE!!
You hit Terence but do no damage.
Terence bares his teeth.
Terence barely misses you.
You hit Terence but do no damage. Terence hits you with a +0 falchion.
You die...

### ..# #.#
#######.#
........#####
............#
.......@###.#
......@.# #.#
........# #.#
g.......# #.#
........# #.#
#########
#.########
#........#
########.#
#.#


You could see Terence and a goblin (asleep).

Vanquished Creatures
  An adder (D:2)
  An endoplasm (D:1)
  A giant cockroach (D:1)
  2 goblins (D:1)
  3 hobgoblins (D:1)
  A quokka (D:1)
  3 ball pythons (D:1)
  2 bats (D:1)
  5 kobolds (D:1)
  2 rats (D:1)
21 creatures vanquished.

Notes
Turn   | Place    | Note
-------+----------+-------------------------------------------
     0 | D:1      | sokol815 the Demonspawn Monk began the quest for the Orb.
     0 | D:1      | Reached XP level 1. HP: 18/18 MP: 1/1
   315 | D:1      | Found a faded altar of an unknown god.
   332 | D:1      | Prayed at the altar of an unknown god.
   332 | D:1      | Became a worshipper of Ignis, the Dying Flame
   332 | D:1      | Reached ****** piety under Ignis
   346 | D:1      | Reached skill level 3 in Axes
   468 | D:1      | Gained mutation: You have a pair of small antennae on your
                  | head. [demonic ancestry]
   468 | D:1      | Reached XP level 2. HP: 24/24 MP: 2/2
  1208 | D:2      | HP: 6/24 [poisoned by an adder]
  1214 | D:2      | Gained mutation: You are partially covered in yellow
                  | scales. (AC +2) [demonic ancestry]
  1214 | D:2      | Reached XP level 3. HP: 7/29 MP: 3/3
  1548 | D:2      | Noticed Terence
  1563 | D:2      | HP: 3/29 [Terence/+0 falchion (7)]
  1565 | D:2      | Slain by Terence

Illustrated notes

Levels and vault maps discovered:
D:1:      eino_arrival_cavern_d, layout_loops_cross,
          ebering_ecumenical_altar_abandoned
D:2:      layout_basic, basic_altar, nicolae_elevator_lobby_plus, uniq_terence

Skill      XL: |  1 |
---------------+----+-----
Axes           | 3 |  3.9
Fighting       | |  3.0
Dodging        | |  2.6
Stealth        | |  1.7

Action                   || total
-------------------------++-------
Melee: Hand axe          ||    75
       Dagger            ||    13
       Punch             ||     1
Throw: Stone             ||    51
  Use: Scroll            ||     2
 Stab: Sleeping          ||     2
Armor: Robe              ||    15
       Leather armour    ||     8
Dodge: Dodged            ||    59

Table legend: (Time is in decaauts)
 A = Elapsed time spent in this place.
 B = Non-inter-level travel time spent in this place.
 C = Inter-level travel time spent in this place.
 D = Time resting spent in this place.
 E = Time spent auto-exploring this place.
 F = Levels seen in this place.
 G = Mean time per level.
                   A        B        C        D        E       F      G
               +--------+--------+--------+--------+--------+-----+--------+
         Total |   1579 |   1533 |     46 |    534 |    719 |   2 |  789.5 |
       Dungeon |   1579 |   1533 |     46 |    534 |    719 |   2 |  789.5 |
               +--------+--------+--------+--------+--------+-----+--------+

Top non-repeatable levels by time:
     D:1: 1450 daAuts
     D:2: 128 daAuts

Table legend:
 A = Kills in this place as a percentage of kills in entire the game.
 B = Kills by you in this place as a percentage of kills by you in the entire game.
 C = Kills by friends in this place as a percentage of kills by friends in the entire game.
 D = Other kills in this place as a percentage of other kills in the entire game.
 E = Experience gained in this place as a percentage of experience gained in the entire game.
 F = Experience gained in this place divided by the number of levels of this place that you have seen.
                   A       B       C       D       E      F
               +-------+-------+-------+-------+-------+----------------------
         Total | 100.0 | 100.0 |   N/A |   N/A | 100.0 |  23.0
       Dungeon | 100.0 | 100.0 |   N/A |   N/A | 100.0 |  23.0
               +-------+-------+-------+-------+-------+----------------------
